cohdb
Replays
Latest Replays
All Replays
Popular Replays
Top Player Replays
Match Explorer
How It Works
Community
CoH3 Stats
Reddit
Sign in to upload your games and track your stats! →
Sign in with Steam
Match 39851231
Unlisted
Match 39851231
Overview
Messages
Build Orders
End
Construct Weapon Support Center
Engineer Squad
Selects Heavy Weapons
M1919 Machine Gun Team
Bazooka Squad
M1919 Machine Gun Team
Mechanized Support Center
Mortar Pit
Selects M2HB .50cal Heavy Machine Gun
M3 Armored Personnel Carrier
Construct Motor Pool
Engineer Squad
Selects Rapid Reposition
Mortar Pit
Interloper
Shark
Agua de Jamaica
markaren
Raul Mayer ✠
Katunar
WilMax
Artamoule
0
0
Comments
sign in to comment!
No comments posted yet!